 Dungeon Crawl Stone Soup version 0.31.0-9-g3a7656b989 (webtiles) character file.

Game seed: 1940971000429783165

519 qw the Shooter (level 7, 0/35 HPs)
             Began as a Spriggan Hunter on Feb 3, 2024.
             Slain by an orc
             ... wielding a +0 short sword
              (3 damage)
             ... on level 4 of the Dungeon.
             The game lasted 00:00:12 (3115 turns).

qw the Shooter (Spriggan Hunter)                    Turns: 3115, Time: 00:00:13

Health: 0/35       AC:  2    Str:  7    XL:     7   Next: 1%
Magic:  7/7        EV: 21    Int: 10    God:
Gold:   216        SH:  0    Dex: 21    Spells: 6/6 levels left

rFire   + . .        a - +1 shortbow
rCold   + . .        (shield currently unavailable)
rNeg    . . .        c - +0 robe
rPois   .            (helmet restricted)
rElec   .            (no cloak)
rCorr   .            (gloves unavailable)
SInv    +            (boots unavailable)
Will    +....        l - amulet of the acrobat
Stlth   ++           (no ring)
HPRegen 0.25/turn    (no ring)
MPRegen 0.10/turn

%: acrobat
@: lethally poisoned (0 -> -2), very quick
A: very small, no large weapons, unfitting armour, see invisible, speed 3, cold
resistance 1, fire resistance 1, low MP 1
a: no special abilities


You were on level 4 of the Dungeon.
You visited 1 branch of the dungeon, and saw 4 of its levels.
You also visited: Sewer.

You collected 216 gold pieces.


Innate Abilities, Weirdness & Mutations

You are very small and have problems with some larger weapons.
You are too small for most types of armour.
You have supernaturally acute eyesight. (SInv)
You cover ground extremely quickly. (Speed+++)
Your flesh is cold resistant. (rC+)
Your flesh is heat resistant. (rF+)
Your magical capacity is low. (-10% MP)


   Skills:
 - Level 2.0 Fighting
 - Level 7.1 Ranged Weapons
 + Level 6.0 Dodging
 - Level 1.5 Stealth


You had 6 spell levels left.
You didn't know any spells.
Your spell library was empty.

Inventory:

Hand Weapons
 a - a +1 shortbow (weapon)
Armour
 c - a +0 robe (worn)
Jewellery
 l - an amulet of the acrobat (around neck)
Wands
 m - a wand of polymorph (14)
Scrolls
 k - 3 scrolls of enchant armour
Potions
 b - 2 potions of curing
 d - 2 potions of might
 e - a potion of resistance {unknown}
 f - 2 potions of mutation
 g - a potion of haste {unknown}
 h - a potion of invisibility {unknown}
 i - a potion of enlightenment {unknown}

Dungeon Overview and Level Annotations

Branches:
Dungeon (4/15)              Sewer (visited)
 Temple: D:4-7

Altars:
Cheibriados
Qazlal
Wu Jian

Shops:
D:1 !


Message History

An orc comes into view. It is wielding a +0 club.
The scorpion barely misses you.
You shoot an arrow. The arrow hits the scorpion.
The scorpion is moderately wounded.
The orc wizard hits you with a +0 dagger.
The scorpion closely misses you.
An orc comes into view. It is wielding a +0 short sword.
You shoot an arrow. The arrow hits the scorpion.
The scorpion is heavily wounded.
The orc wizard completely misses you. The orc completely misses you.
The scorpion stings you.
You are poisoned.
The scorpion poisons you!
You shoot an arrow. The arrow hits the scorpion.
The scorpion is almost dead.
You feel very sick. The orc barely misses you.
The scorpion completely misses you. The orc wizard misses you.
The orc wizard completely misses you.
The scorpion stings you but does no damage.
You shoot an arrow. The arrow barely misses the scorpion.
You feel sick. The scorpion stings you.
You shoot an arrow. The arrow hits the scorpion!
You kill the scorpion!
You feel sick.
The orc wizard hits you with a +0 dagger.
Your Ranged Weapons skill increases to level 7!
You have reached level 7!
You shoot an arrow.
The arrow closely misses the orc wizard.
You feel sick. The orc hits you with a +0 short sword.
The orc wizard completely misses you.
You shoot an arrow. The arrow barely misses the orc wizard.
You feel sick. The orc hits you with a +0 whip. The orc barely misses you.
The orc wizard completely misses you.
You shoot an arrow.
The arrow closely misses the orc wizard.
You feel sick.
You hear a shout!
The orc completely misses you. The orc hits you with a +0 short sword.
You die...

... ###.#.#####
.# #.. #...#
#.#####.#
#.......#
#.#####.#
#...#...#
#####.#.#####
#.....#.....#
#@#########.#
#.ooo!#...###.#
#.....#.......#
#.....#...#####
###...#...#
#...##### ....#
.....


You could see an orc wizard and 2 orcs.

Vanquished Creatures
  An ogre (D:4)
  A kobold brigand (Sewer)
  A scorpion (D:4)
  A bombardier beetle (D:4)
  An iguana (D:4)
  12 adders
  4 river rats (Sewer)
  A dart slug (D:1)
  A ribbon worm (D:3)
  4 endoplasms
  5 giant cockroaches
  5 goblins
  6 hobgoblins
  6 jackals
  17 kobolds
  2 quokkas
  10 ball pythons
  4 bats
  3 frilled lizards
  23 rats
108 creatures vanquished.

Notes
Turn   | Place    | Note
-------+----------+-------------------------------------------
     0 | D:1      | qw the Spriggan Hunter began the quest for the Orb.
     0 | D:1      | Reached XP level 1. HP: 10/10 MP: 2/2
     0 | D:1      | 0 ||| qw: Version: 0.3-a-155-g5e7d8dd
     0 | D:1      | 0 ||| qw: Game counter: 2926
     0 | D:1      | 0 ||| qw: Melee chars always use a shield: true
     0 | D:1      | 0 ||| qw: God list: Okawaru
     0 | D:1      | 0 ||| qw: Allow faded altars: false
     0 | D:1      | 0 ||| qw: Do Orc after clearing Dungeon:15 true
     0 | D:1      | 0 ||| qw: Do second Lair branch before Depths: true
     0 | D:1      | 0 ||| qw: Lair rune preference: random
     0 | D:1      | 0 ||| qw: Goals: Normal
     0 | D:1      | 0 ||| PLANNING D:1-11
    32 | D:1      | Reached skill level 3 in Dodging
   149 | D:1      | Reached XP level 2. HP: 14/14 MP: 3/3
   245 | D:1      | Found Ypnus's Distillery.
   258 | D:1      | 258 ||| SHOPLISTING potion of curing (42 gold, have 36).
   258 | D:1      | 258 ||| SHOPLISTING potion of might (56 gold, have 36).
   258 | D:1      | 258 ||| SHOPLISTING potion of mutation (112 gold, have 36).
   555 | D:1      | 555 ||| READING scroll labelled NIZUWE CUGI.
   555 | D:1      | 555 ||| IDENTIFYING glowing golden potion
   556 | D:1      | 556 ||| READING 2 scrolls labelled UDASED WOGIKHAR.
   557 | D:1      | 557 ||| READING scroll labelled SEKIAHESOG.
   557 | D:1      | 557 ||| ENCHANTING +0 shortbow.
   558 | D:1      | 558 ||| READING scroll labelled PIAK HINOXKI.
   558 | D:1      | 558 ||| ENCHANTING +1 shortbow.
   559 | D:1      | 559 ||| DROPPING scroll of butterflies.
   560 | D:1      | 560 ||| DROPPING potion of brilliance.
   561 | D:1      | 561 ||| DROPPING scroll of fog.
   667 | D:2      | Reached XP level 3. HP: 18/18 MP: 4/4
   687 | D:2      | Found a faded altar of an unknown god.
  1276 | D:2      | 1276 ||| DRINKING 3 clear potions.
  1300 | D:3      | 1300 ||| PLANNING SEWER
  1319 | D:3      | Reached skill level 5 in Ranged Weapons
  1358 | D:3      | Reached XP level 4. HP: 21/22 MP: 5/5
  1475 | D:3      | Found a glowing drain.
  1476 | D:3      | 1476 ||| READING scroll of identify.
  1476 | D:3      | 1476 ||| IDENTIFYING pink potion
  1477 | D:3      | 1477 ||| READING scroll labelled XARRADGHAUGH.
  1578 | D:3      | 1578 ||| DRINKING 2 fizzy golden potions.
  1579 | D:3      | 1579 ||| DROPPING potion of lignification.
  1580 | D:3      | 1580 ||| DROPPING potion of attraction.
  1601 | D:3      | HP: 5/22 [poisoned by an adder]
  1696 | Sewer    | Entered a sewer
  1714 | Sewer    | Reached XP level 5. HP: 21/26 MP: 6/6
  1838 | Sewer    | Reached skill level 6 in Ranged Weapons
  1944 | Sewer    | Reached XP level 6. HP: 21/30 MP: 7/7
  2410 | Sewer    | 2410 ||| DRINKING 3 puce potions.
  2411 | Sewer    | 2411 ||| DRINKING 2 sapphire potions.
  2411 | Sewer    | Gained mutation: Your flesh is cold resistant. (rC+)
                  | [potion of mutation]
  2411 | Sewer    | Gained mutation: Your magical capacity is low. (-10% MP)
                  | [potion of mutation]
  2411 | Sewer    | Gained mutation: Your flesh is heat resistant. (rF+)
                  | [potion of mutation]
  2437 | D:3      | 2437 ||| PLANNING D:1-11
  2677 | D:3      | Reached skill level 6 in Dodging
  2841 | D:3      | Found a stormy altar of Qazlal.
  2841 | D:3      | Found an ornate altar of the Wu Jian Council.
  2849 | D:3      | Found a snail-covered altar of Cheibriados.
  2853 | D:3      | Found a faded altar of an unknown god.
  2855 | D:3      | Found a faded altar of an unknown god.
  2862 | D:3      | 2862 ||| UPGRADING to amulet of the acrobat.
  2867 | D:3      | 2867 ||| READING scroll labelled BEUSHR VOHUPLUVI.
  2868 | D:3      | 2868 ||| READING scroll labelled DIDUBAIFIH.
  2869 | D:3      | 2869 ||| READING scroll labelled QYM TYNOUSM.
  3113 | D:4      | Reached skill level 7 in Ranged Weapons
  3113 | D:4      | Reached XP level 7. HP: 12/35 MP: 7/7
  3113 | D:4      | HP: 7/35 [orc/+0 short sword (4)]
  3115 | D:4      | HP: 3/35 [poisoned by a scorpion]
  3115 | D:4      | Slain by an orc

Levels and vault maps discovered:
D:1:      dpeg_arrival_prison, layout_rooms, serial_shops, shop
D:2:      layout_loops_ring, shapermc_ecumenical_altar_mp_urbaneastern
D:3:      layout_loops_ring, chequers_temple_overflow_minitemple,
          gup_sewer_entry_glass
D:4:      layout_rooms, minmay_misc_feat_ornament, uniq_crazy_yiuf_cottage

Skill      XL: |  1  2  3  4  5  6 |
---------------+-------------------+-----
Dodging        | 3 4 5 6 |  6.0
Ranged Weapons | 5 6 7 |  7.1
Fighting       | 2 |  2.0
Stealth        | |  1.5

Action                     |  1- 3 |  4- 6 |  7- 9 || total
---------------------------+-------+-------+-------++-------
   Fire: Shortbow          |    96 |   185 |     3 ||   284
    Use: Scroll            |     4 |     5 |       ||     9
         Potion            |     1 |     3 |       ||     4
 Armour: Robe              |    18 |    45 |     3 ||    66
  Dodge: Dodged            |    68 |   200 |     4 ||   272

Table legend:
 A = Non-vault XP
 B = Vault XP
 C = Vault XP percentage of total XP
 D = Non-vault monster count
 E = Vault monster count
 F = Vault count percentage of total count
                 A         B        C        D         E       F
            +---------+---------+-------+---------+---------+-------
      Total |     418 |     324 |  43.7 |      50 |      58 |  53.7
            +---------+---------+-------+---------+---------+-------
        D:1 |      34 |       2 |   5.6 |      18 |       1 |   5.3
        D:2 |      33 |       0 |   0.0 |      14 |       0 |   0.0
        D:3 |      62 |      58 |  48.3 |      14 |       6 |  30.0
        D:4 |     289 |       0 |   0.0 |       4 |       0 |   0.0
      Sewer |       0 |     264 | 100.0 |       0 |      51 | 100.0
            +---------+---------+-------+---------+---------+-------
